 Dungeon Crawl Stone Soup version 0.32-a0-876-gcfddb08e57 (webtiles) character file.

Game seed: 16830102585333457603

372 smashvw the Trooper (level 6, -3/34 HPs)
             Began as a Vine Stalker Fighter on Apr 1, 2024.
             Splashed by a jelly's acid (4 damage)
             ... on level 4 of the Dungeon.
             The game lasted 00:05:49 (2491 turns).

smashvw the Trooper (Vine Stalker Fighter)          Turns: 2491, Time: 00:05:49

Health: -3/34      AC: -4    Str: 20    XL:     6   Next: 71%
Magic:  0/7        EV:  8    Int:  8    God:
Gold:   218        SH:  5    Dex: 14    Spells: 5/5 levels left

rFire   . . .        i - +1 dagger (speed)
rCold   . . .        c - +0 buckler
rNeg    . . .        b - +0 scale mail
rPois   .            (no helmet)
rElec   .            o - +0 cloak
rCorr   .            (no gloves)
SInv    .            (no boots)
Will    .....        (no amulet) Stlth
                     (no ring)
HPRegen 1.05/turn    (no ring)
MPRegen 0.10/turn

%: guardian spirit
@: corroded
A: fangs 2, regeneration 1, magic shield, antimagic bite, no potion heal 2
a: no special abilities


You were on level 4 of the Dungeon.
You visited 1 branch of the dungeon, and saw 4 of its levels.

You collected 218 gold pieces.

Inventory:

Hand Weapons
 a - a +0 rapier
 i - a +1 dagger of speed (weapon)
Armour
 b - a +0 scale mail (worn)
 c - a +0 buckler (worn)
 o - a +0 cloak (worn)
Jewellery
 r - a ring of poison resistance
Wands
 n - a wand of charming (5)
 q - a wand of flame (25)
Scrolls
 k - 2 scrolls of identify {unknown}
 l - a scroll of amnesia {unknown}
 m - a scroll of vulnerability {unknown}
 p - a scroll of noise {unknown}
Potions
 d - 2 potions of might
 e - 2 potions of cancellation {unknown}
 f - 2 potions of curing {unknown}
 g - 3 potions of attraction {unknown}
 h - a potion of heal wounds {unknown}
 j - a potion of degeneration {unknown}
 s - a potion of brilliance {unknown}


   Skills:
 + Level 4.5 Fighting
 + Level 3.8 Short Blades
 - Level 2.4 Armour
 + Level 4.3 Shields


You had 5 spell levels left.
You didn't know any spells.
Your spell library was empty.

Dungeon Overview and Level Annotations

Branches:
Dungeon (4/15)
 Temple: D:4-7

Altars:
Okawaru
Zin


Innate Abilities, Weirdness & Mutations

You have extremely sharp teeth.
Your natural rate of healing is unusually fast.
When hurt, damage is shared between your health and your magic reserves.
Your bite disrupts and absorbs the magic of your enemies.
Potions cannot restore your health.


Message History

You kill the orc!
No target in view!
No target in view!
A jelly comes into view.
The jelly quivers.
You hit the jelly.
Your hands burn!
The jelly is lightly wounded.
You block the jelly's attack.
You hit the jelly.
Your hands burn!
The jelly is lightly wounded.
The jelly hits you.
You are splashed with acid.
You hit the jelly.
Your hands burn!
You bite the jelly. You drain its power.
You feel invigorated.
The jelly is severely wounded.
You hit the jelly. The acid corrodes you!
Your hands burn!
You bite the jelly, but do no damage.
The jelly is severely wounded.
The jelly closely misses you.
You hit the jelly but do no damage.
Your hands burn!
You bite the jelly, but do no damage.
The jelly is severely wounded.
You hit the jelly but do no damage. The acid corrodes you!
Your hands burn!
The jelly is severely wounded.
The jelly hits you.
You are splashed with acid!
* * * LOW HITPOINT WARNING * * *
You are too injured to fight recklessly!
You are too injured to fight recklessly!
Okay, then.
You barely miss the jelly.
The jelly is severely wounded.
You hit the jelly but do no damage. The acid corrodes you!
Your hands burn!
* * * LOW HITPOINT WARNING * * *
You bite the jelly, but do no damage.
The jelly is severely wounded.
The jelly hits you.
* * * LOW HITPOINT WARNING * * *
You are splashed with acid!
* * * LOW HITPOINT WARNING * * *
You hit the jelly but do no damage.
Your hands burn!
You die...

### ..# ... #.# # #.#
.. #)# .# # # #)# .#.#
.. ###. #@##.#.##..
#....#J..............
#............ .... #
#.##........# #... #.
#.##......#.###...##
#.##.##................
.........>............#
#.#..##.##.....##.....#
#.#..##.##.#...........


You could see a jelly.

Vanquished Creatures
  A phantom (D:3)
  2 bombardier beetles (D:4)
  2 iguanas (D:4)
  An orc wizard (D:4)
  Robin (D:4)
  5 adders
  2 dart slugs
  9 orcs
  8 ball pythons
  9 bats
  4 endoplasms
  6 giant cockroaches
  19 goblins
  4 hobgoblins
  2 jackals (D:1)
  2 quokkas
  A frilled lizard (D:1)
  10 kobolds
  7 rats
95 creatures vanquished.

Notes
Turn   | Place    | Note
-------+----------+-------------------------------------------
     0 | D:1      | smashvw the Vine Stalker Fighter began the quest for the
                  | Orb.
     0 | D:1      | Reached XP level 1. HP: 11/11 MP: 2/2
    80 | D:1      | Reached XP level 2. HP: 16/16 MP: 3/3
   480 | D:1      | Reached XP level 3. HP: 20/20 MP: 4/4
  1206 | D:2      | Reached XP level 4. HP: 24/24 MP: 5/5
  1445 | D:3      | Found a glowing silver altar of Zin.
  1508 | D:3      | Found an iron altar of Okawaru.
  1735 | D:3      | Noticed a phantom
  1759 | D:3      | Killed a phantom
  1760 | D:3      | Reached XP level 5. HP: 22/29 MP: 4/6
  1867 | D:4      | Noticed Robin
  1895 | D:4      | Killed Robin
  1896 | D:4      | Reached XP level 6. HP: 23/33 MP: 7/7
  2490 | D:4      | HP: 1/34 [acid (6)]
  2491 | D:4      | Splashed by a jelly's acid

Illustrated notes

Levels and vault maps discovered:
D:1:      lightli_arrival_boilingwater, layout_basic, minmay_tree_intersection,
          minmay_fountain_box
D:2:      layout_basic
D:3:      layout_rooms, zin_treasury, mainiacjoe_overflow_chevrons, st_stairs_9
D:4:      layout_basic, minmay_misc_feat_chi, uniq_robin

Skill      XL: |  1  2  3  4  5 |
---------------+----------------+-----
Short Blades   | 2 3 |  3.8
Fighting       | 3 4 |  4.5
Shields        | 3 4 |  4.3
Armour         | |  2.4

Action                     |  1- 3 |  4- 6 || total
---------------------------+-------+-------++-------
  Melee: Rapier            |    62 |       ||    62
         Bite              |    29 |    84 ||   113
         Dagger            |    60 |   249 ||   309
 Armour: Scale mail        |   112 |    89 ||   201
  Dodge: Dodged            |    42 |    68 ||   110
  Block: Buckler           |    34 |    34 ||    68

Table legend: (Time is in decaauts)
 A = Elapsed time spent in this place.
 B = Non-inter-level travel time spent in this place.
 C = Inter-level travel time spent in this place.
 D = Time resting spent in this place.
 E = Time spent auto-exploring this place.
 F = Levels seen in this place.
 G = Mean time per level.
                   A        B        C        D        E       F      G
               +--------+--------+--------+--------+--------+-----+--------+
         Total |   2374 |   2255 |    119 |      0 |   1748 |   4 |  593.5 |
       Dungeon |   2374 |   2255 |    119 |      0 |   1748 |   4 |  593.5 |
               +--------+--------+--------+--------+--------+-----+--------+

Top non-repeatable levels by time:
     D:1: 814 daAuts
     D:4: 585 daAuts
     D:3: 520 daAuts
     D:2: 453 daAuts
